Map: Ruins of Endion

Players

Fropez

  • Race: Protoss Protoss
  • League: Silver
  • Spawn Location: 5:00

fdx - Winner!

  • Race: Terran Terran
  • Spawn Location: 7:00

VOD

Have the link to the VOD?

Description

Time

  • Played on: May 17, 2016, 9:23 p.m.
  • Length: 14:46
Show
View Real Time Build Order
Export as new Build Order

Fropez Protoss 

Build Orders:  

Get SALT Encoding   

  12  0:01  Probe (Chrono Boost)  
  13  0:24  Pylon  
  13  0:32  Pylon  
  13  0:44  Gateway  
  13  0:52  Probe (Chrono Boost)  
  14  1:03  Probe (Chrono Boost)  
  15  1:09  Assimilator  
  15  1:13  Probe (Chrono Boost)  
  15  1:14  Pylon, Assimilator  
  16  1:24  Probe (Chrono Boost)  
  17  1:33  Cybernetics Core  
  17  1:39  Probe (Chrono Boost)  
  18  1:49  Probe (Chrono Boost)  
  19  2:00  Probe (Chrono Boost)  
  19  2:12  Forge  
  19  2:14  Mothership Core (Chrono Boost)  
  21  2:18  Warp Gate (Chrono Boost)  
  20  3:05  Pylon  
  20  3:06  Probe  
  20  3:09  Protoss Ground Weapons Level 1 (Chrono Boost)  
  21  3:21  Probe  
  22  3:33  Gateway  
  22  3:36  Gateway  
  22  3:44  Probe, Gateway  
  23  3:56  Probe  
  24  4:08  Probe  
  25  4:26  Twilight Council  
  25  4:27  Probe  
  25  4:28  Pylon  
  26  4:39  Probe  
  27  4:46  Pylon  
  27  4:51  Probe  
  28  5:02  Protoss Ground Weapons Level 2 (Chrono Boost)  
  28  5:03  Resonating Glaives (Chrono Boost)  
  28  5:05  Probe  
  29  5:16  Adept x4  
  37  5:58  Gateway  
  37  6:01  Gateway  
  37  6:07  Pylon  
  37  6:12  Adept x4  
  45  6:29  Robotics Facility  
  45  6:30  Robotics Facility  
  45  6:31  Probe  
  46  6:43  Probe  
  47  6:49  Adept x2  
  47  6:50  Adept  
  53  6:55  Probe  
  54  7:02  Protoss Ground Armor Level 1 (Chrono Boost)  
  54  7:18  Nexus  
  54  7:20  Probe  
  55  7:25  Observer (Chrono Boost)  
  55  7:28  Observer (Chrono Boost)  
  57  7:32  Probe  
  58  7:39  Adept x2  
  62  7:48  Pylon  
  61  8:12  Immortal (Chrono Boost)  
  64  8:27  Adept x3  
  44  9:09  Immortal (Chrono Boost), Stalker x3  
  58  9:10  Stalker  
  58  9:11  Immortal (Chrono Boost)  
  60  9:18  Probe  
  61  9:30  Probe  
  62  9:47  Pylon  
  62  9:58  Pylon  
  61  10:04  Pylon  
  61  10:16  Nexus  
  61  10:21  Probe  
  62  10:57  Probe  
  63  11:09  Probe  
  64  11:13  Immortal (Chrono Boost)  
  68  11:21  Probe  
  69  11:45  Assimilator  
  69  11:50  Assimilator  
  69  11:51  Protoss Ground Armor Level 2 (Chrono Boost)  
  69  11:53  Pylon  
  69  11:56  Blink  
  69  12:10  Gateway x2  
  69  12:32  Gateway  
  69  12:33  Immortal  
  69  12:34  Immortal  
  77  12:51  Nexus  
  77  12:53  Assimilator  
  77  12:58  Assimilator  
  77  13:01  Pylon  
  77  13:05  Pylon  
  77  13:08  Pylon  
  77  13:12  Pylon  
  74  13:40  Immortal x2  
  82  13:55  Stalker  
  82  13:56  Stalker x5  
  82  14:00  Pylon  
  94  14:07  Pylon  
Show
View Real Time Build Order
Export as new Build Order

fdx Terran - Winner!

Build Orders: Reaper Expand, MMM Bio 

Get SALT Encoding   

  12  0:01  SCV  
  13  0:13  SCV  
  14  0:17  Supply Depot  
  14  0:25  SCV  
  15  0:39  SCV, Barracks  
  16  0:44  Refinery  
  16  0:51  SCV  
  17  1:03  SCV  
  18  1:15  SCV  
  19  1:27  Orbital Command  
  19  1:28  Reaper  
  20  1:40  Command Center  
  20  1:53  SCV, Supply Depot  
  21  2:00  Barracks Reactor  
  21  2:05  SCV  
  22  2:17  SCV  
  22  2:19  Barracks  
  23  2:25  Barracks  
  23  2:29  SCV  
  24  2:36  Supply Depot  
  24  2:41  SCV  
  25  2:46  Marine x2  
  27  2:54  SCV  
  27  2:55  Orbital Command  
  28  3:04  Marine x2  
  30  3:06  SCV  
  30  3:09  Barracks Tech Lab  
  30  3:12  Barracks Reactor  
  31  3:20  Factory  
  31  3:21  Marine, SCV x2  
  31  3:22  Marine  
  35  3:31  Stimpack  
  35  3:33  SCV  
  35  3:34  SCV  
  37  3:39  Marine  
  37  3:40  Supply Depot  
  38  3:41  Marine  
  38  3:45  Marine, SCV  
  38  3:46  SCV  
  42  3:49  Marine  
  42  3:50  Marine  
  42  3:54  Supply Depot  
  44  3:57  Marine  
  44  3:58  SCV x2  
  47  4:04  Supply Depot  
  47  4:05  Marine x2  
  49  4:10  SCV x2  
  49  4:13  Starport  
  49  4:15  Refinery  
  51  4:19  Marine  
  51  4:20  Marine  
  51  4:22  SCV x2  
  55  4:24  Refinery  
  55  4:26  Refinery  
  55  4:27  Marine x2  
  55  4:28  Factory Reactor  
  57  4:32  Marine  
  57  4:34  SCV  
  57  4:36  Supply Depot  
  57  4:37  Marine x2  
  61  4:41  SCV  
  61  4:44  Marine  
  63  4:46  SCV  
  64  4:54  SCV  
  64  4:57  Marine x2  
  64  4:58  SCV  
  68  5:00  Marine x2  
  68  5:02  Marine  
  68  5:06  SCV  
  72  5:07  Engineering Bay  
  72  5:10  SCV, Engineering Bay  
  73  5:17  Supply Depot  
  73  5:18  SCV  
  73  5:19  Supply Depot  
  73  5:20  Factory Tech Lab, Medivac x2  
  78  5:22  SCV  
  79  5:30  SCV  
  79  5:34  SCV  
  81  5:37  Terran Infantry Weapons Level 1, Terran Infantry Armor Level 1  
  81  5:41  Armory  
  80  5:48  SCV  
  81  5:50  Medivac  
  81  5:51  Siege Tank  
  81  5:56  SCV  
  87  6:00  SCV  
  88  6:05  Marine x2  
  90  6:13  Supply Depot  
  90  6:14  Supply Depot  
  90  6:17  Medivac  
  92  6:23  Siege Tank  
  92  6:25  Marine x2  
  96  6:29  Command Center  
  97  6:38  Supply Depot, Missile Turret  
  97  6:42  Supply Depot  
  97  6:47  SCV x2  
  97  6:48  Marine x2  
  101  6:55  Siege Tank  
  101  6:58  Supply Depot  
  101  6:59  SCV x2  
  106  7:01  Supply Depot  
  106  7:03  Terran Vehicle Weapons Level 1  
  106  7:17  Marine x4  
  106  7:18  Combat Shields  
  106  7:20  Missile Turret  
  110  7:34  Terran Infantry Armor Level 2, Terran Infantry Weapons Level 2  
  110  7:40  SCV, Missile Turret  
  110  7:41  SCV  
  110  7:42  Missile Turret  
  110  7:44  Orbital Command, Missile Turret  
  112  7:46  Marine x3  
  112  7:49  Siege Tank  
  118  7:59  Barracks  
  118  8:01  Barracks  
  118  8:02  Barracks  
  118  8:06  Barracks  
  118  8:14  SCV x3  
  121  8:26  SCV  
  122  8:37  Marine x2  
  122  8:38  Marine x2  
  126  8:43  Refinery  
  126  8:45  Refinery  
  126  8:46  Siege Tank  
  126  8:47  Marine  
  131  8:48  Barracks Reactor x2  
  131  8:50  Barracks Reactor  
  131  8:52  Medivac x2  
  131  8:55  Marine  
  131  8:56  Command Center  
  128  9:04  Barracks Reactor  
  128  9:06  Liberator  
  128  9:07  Liberator  
  128  9:18  Concussive Shells  
  128  9:21  Supply Depot  
  128  9:22  Supply Depot  
  134  9:25  Supply Depot  
  134  9:35  Refinery  
  134  9:39  Sensor Tower  
  134  9:40  SCV x2  
  134  9:42  SCV  
  137  9:49  Liberator  
  137  9:52  SCV  
  138  9:53  Terran Infantry Weapons Level 3, Terran Infantry Armor Level 3  
  138  10:03  SCV  
  142  10:12  Sensor Tower  
  142  10:20  Refinery  
  142  10:29  Orbital Command  
  142  10:33  Liberator x2  
  142  10:43  Terran Vehicle And Ship Armor Level 1  
  142  10:47  Armory  
  142  10:48  Armory  
  142  10:52  Command Center  
  148  10:59  Fusion Core  
  148  11:05  Starport  
  148  11:06  Starport  
  148  11:08  Starport  
  148  11:16  Liberator  
  151  11:43  Command Center  
  151  11:58  Starport Tech Lab x3  
  151  12:00  Terran Vehicle Weapons Level 2  
  151  12:01  Terran Ship Weapons Level 1  
  151  12:05  Weapon Refit  
  151  12:06  Missile Turret  
  151  12:07  Orbital Command  
  151  12:23  High Capacity Fuel Tanks  
  151  12:24  Cloaking Field, Advanced Ballistics  
  151  12:30  Neosteel Frame, Hi-Sec Auto Tracking  
  151  12:36  Command Center x2  
  151  12:38  Missile Turret  
  151  12:41  Missile Turret  
  151  12:48  Marine x8, Behemoth Reactor  
  151  12:49  Marine x4  
  151  12:50  Marine  
  164  12:55  Missile Turret  
  163  13:05  Marine  
Tags
 
Composition
MMM Bio
League
Silver
Matchup
PvT
Replay Pack
All Mines
Spawn Locations
Close Positions
Add a new tag
Caveats
  • Supply blocks, unpowered buildings, or Contaminate may cause inaccurate times.
  • Supply counts are checked every 10 seconds.